 Dungeon Crawl Stone Soup version 0.26-a0-707-g31817bcca1 (webtiles) character file.

Game seed: 1516053539512405818

1 Forecaster the Ruffian (level 1, -4/18 HPs)
             Began as a Naga Transmuter on Oct 26, 2020.
             Slain by a leopard gecko (5 damage)
             ... on level 1 of the Dungeon.
             The game lasted 00:00:36 (117 turns).

Forecaster the Ruffian (Naga Transmuter)             Turns: 117, Time: 00:00:37

Health: -4/18      AC:  1    Str: 12    XL:     1   Next: 20%
Magic:  3/3        EV: 10    Int: 13    God:
Gold:   25         SH:  0    Dex: 11    Spells: 3/4 levels left

rFire    . . .     SeeInvis +   d - +0 hand axe
rCold    . . .     Faith    .   (no shield)
rNeg     . . .     Spirit   .   a - +0 robe
rPois    +         Reflect  .   (no helmet)
rElec    .         Harm     .   (no cloak)
rCorr    .         Rampage  .   (no gloves)
MR       .....                  (no barding)
Stlth    +.........             (no amulet)
HPRegen  0.06/turn              (no ring)
MPRegen  0.08/turn              (no ring)

@: very slow
A: large, see invisible, deformed body, poison resistance, slowness 2, spit
poison 1, AC +0
a: Spit Poison


You were on level 1 of the Dungeon.
You visited 1 branch of the dungeon, and saw 1 of its levels.

You collected 25 gold pieces.

Inventory:

Hand Weapons
 d - a +0 hand axe (weapon)
Missiles
 e - 7 poisoned darts (quivered)
Armour
 a - a +0 robe (worn)
Scrolls
 c - 3 scrolls of magic mapping {unknown}
Potions
 b - a potion of might {unknown}
 f - a potion of curing {unknown}


   Skills:
 + Level 1.0 Fighting
 + Level 1.5 Dodging
 + Level 3.0 Unarmed Combat
 + Level 2.0 Spellcasting
 + Level 2.0 Transmutations


You had 3 spell levels left.
You knew the following spells:

 Your Spells              Type           Power        Failure   Level
a - Beastly Appendage     Tmut           #.....       11%         1

Your spell library contained the following spells:

 Spells                   Type           Power        Failure   Level
 Wereblood                Tmut           #.......     17%         2
 Spider Form              Tmut/Pois      #.........   45%         3
 Ice Form                 Ice/Tmut       #.......     86%         4
 Blade Hands              Tmut           #.........   97%         5


Dungeon Overview and Level Annotations

Branches:
Dungeon (1/15)

Altars:


Innate Abilities, Weirdness & Mutations

You cannot wear boots.
Your serpentine skin is tough. (AC +0)
You have supernaturally acute eyesight. (SInv)
Armour fits poorly on your strangely shaped body.
Your system is resistant to poisons. (rPois)
You cover ground very slowly.
You can spit poison.


Message History

f - a smoky orange potion
Found 7 arrows.
Found 11 bolts.
A leopard gecko comes into view.
The leopard gecko hisses angrily.
The leopard gecko barely misses you. The leopard gecko bites you.
You closely miss the leopard gecko. The leopard gecko barely misses you.
You barely miss the leopard gecko. The leopard gecko barely misses you.
The leopard gecko bites you.
You completely miss the leopard gecko. The leopard gecko bites you.
You barely miss the leopard gecko. The leopard gecko closely misses you.
The leopard gecko bites you.
* * * LOW HITPOINT WARNING * * *
You closely miss the leopard gecko. The leopard gecko bites you.
* * * LOW HITPOINT WARNING * * *
The leopard gecko barely misses you.
You barely miss the leopard gecko.
The leopard gecko completely misses you.
You closely miss the leopard gecko. The leopard gecko bites you.
You die...

..# ..# ...# ###..
#... ## ########.#
.. #........##+#
.##
..#........##.#...#
#...$.l@#.....#...#
#.......#####..(#
#.......# ###.####
###.....# #.(....#
####### #.##.#.#
#....#.# #.####.#
#..# .#
#############.###.#


You could see a leopard gecko.

Vanquished Creatures
  A hobgoblin (D:1)
1 creature vanquished.

Notes
Turn   | Place    | Note
-------+----------+-------------------------------------------
     0 | D:1      | Forecaster the Naga Transmuter began the quest for the Orb.
     0 | D:1      | Reached XP level 1. HP: 18/18 MP: 3/3
   117 | D:1      | Slain by a leopard gecko

Illustrated notes

Levels and vault maps discovered:
D:1:      co_arrival_square_in_a_square_in_a_square, layout_basic

Action                   || total
-------------------------++-------
Melee: Hand axe          ||     7
       Unarmed           ||     5
Dodge: Dodged            ||     8

Table legend: (Time is in decaauts)
 A = Elapsed time spent in this place.
 B = Non-inter-level travel time spent in this place.
 C = Inter-level travel time spent in this place.
 D = Time resting spent in this place.
 E = Time spent auto-exploring this place.
 F = Levels seen in this place.
 G = Mean time per level.
                   A        B        C        D        E       F      G
               +--------+--------+--------+--------+--------+-----+--------+
         Total |    157 |    157 |      0 |      0 |     73 |   1 |  157.0 |
       Dungeon |    157 |    157 |      0 |      0 |     73 |   1 |  157.0 |
               +--------+--------+--------+--------+--------+-----+--------+

Top non-repeatable levels by time:
     D:1: 157 daAuts
